 Dungeon Crawl Stone Soup version 0.15.0-8-gb109cf8 (webtiles) character file.

6783 Johnny the Protected (level 11, -2/86 HPs)
             Began as a Human Berserker on Aug 30, 2014.
             Was a Priest of Trog.
             Slain by a ten-headed hydra (8 damage)
             ... on Level 14 of the Dungeon.
             The game lasted 00:44:20 (13178 turns).

Johnny the Protected (Human Berserker)             Turns: 13178, Time: 00:44:20

HP  -2/86        AC 17     Str 17      XL: 11   Next: 25%
MP  13/13        EV  5     Int  7      God: Trog [***...]
Gold 615         SH  0     Dex 17      Spells:  0 memorised, 10 levels left

rFire  . . .     SeeInvis .     y - +3 spear (vamp)
rCold  . . .     Clarity  .     x - +0 plate armour
rNeg   . . .     rCorr    .     (no shield)
rPois  .         rRot     .     (no helmet)
rElec  .         Spirit   .     v - +0 cloak
SustAb .         Warding  .     F - +0 pair of gloves
rMut   .         Stasis   .     (no boots)
Gourm  .                        (no amulet)
MR     ++...                    (no ring)
                                (no ring)

@: very slightly contaminated, regenerating, very resistant to hostile
enchantments, extremely unstealthy
A: no striking features
a: Burn Spellbooks, Berserk, Trog's Hand, Renounce Religion


You were on level 14 of the Dungeon.
You worshipped Trog.
Trog was most pleased with you.
You were not hungry.

You visited 1 branch of the dungeon, and saw 12 of its levels.
You also visited: Ossuary.

You collected 615 gold pieces.

Inventory:

Hand weapons
 a - a cursed +0 hand axe
 c - a +0 war axe of freezing
 y - a +3 vampiric spear (weapon)
 z - a +2 halberd
 B - a +0 halberd of protection
Missiles
 k - 10 tomahawks (quivered)
Armour
 v - a +0 cloak (worn)
 x - a +0 plate armour (worn)
 F - a +0 pair of gloves (worn)
Magical devices
 e - a wand of polymorph (7)
 g - a wand of flame (5)
 j - a wand of cold (3) {unknown}
 q - a wand of hasting (1)
 A - a wand of invisibility (0)
 D - a wand of random effects (13) {unknown}
Comestibles
 l - 2 royal jellies
 p - a bread ration
Scrolls
 d - 2 scrolls of enchant armour
 h - 7 scrolls of magic mapping
 i - 2 scrolls of remove curse
 m - a scroll of enchant weapon
 n - a scroll of random uselessness {unknown}
 o - a scroll of amnesia {unknown}
 w - 2 scrolls of immolation {unknown}
Jewellery
 C - an uncursed ring of protection from cold {unknown}
Potions
 r - 2 potions of restore abilities
 s - 2 potions of confusion {unknown}
 t - a potion of magic {unknown}


   Skills:
 + Level 8.2 Fighting
 + Level 7.0(7.9) Axes
 + Level 5.3(7.0) Polearms
 + Level 3.5 Throwing
 + Level 9.3 Armour
 + Level 6.9 Dodging
 + Level 1.2 Stealth
 + Level 1.5 Evocations


You had 10 spell levels left.
You didn't know any spells.

Dungeon Overview and Level Annotations

Branches:
Dungeon (14/15)
 Temple: D:4-7          Orc: D:9-12        Lair: D:8-11      Vaults: D:13-14

Altars:
Dithmenos
Elyvilon
Fedhas
Xom
Zin
The Shining One

Annotations:
D:6 Eustachio
D:13 Harold


Message History

Enchant which weapon? (? for menu, Esc to quit)
Your vampiric spear glows red for a moment.
The scorpion barely misses you.
Wield which item (- for none, * to show all)? (? for menu, Esc to quit)
Really wield
y - an uncursed vampiric spear?
You feel less protected.
You feel a dreadful hunger.
y - a +3 vampiric spear (weapon)
The ten-headed hydra bites you but does no damage. x9
The ten-headed hydra bites you.
* * * LOW HITPOINT WARNING * * *
You hit the scorpion.
The scorpion is moderately wounded.
The scorpion stings you.
* * * LOW HITPOINT WARNING * * *
A scorpion comes into view.
You completely miss the scorpion.
The scorpion is moderately wounded.
The ten-headed hydra bites you but does no damage. x4
The ten-headed hydra barely misses you. The ten-headed hydra bites you!
You die...

..# .s..# ...# ...#
..# ..# ##+####+#.#
.#.......#s# ..
.'.......#@######..$
#.......#.D......#
#.......#........#
#...D...#........#
#.......#........#
#.....).#........##
#######.#.........#
.......#+#.........#
.........(.........#


You could see a ten-headed hydra and 2 scorpions.

Vanquished Creatures
  A hill giant (D:14)
  A cyclops (D:14)
  A gargoyle (D:9)
  2 trolls (D:9)
  3 slime creatures (D:12)
  A trapdoor spider (D:9)
  2 yaks (D:12)
  A hill giant zombie (D:8)
  4 hippogriffs
  2 hungry ghosts
  A soldier ant (D:14)
  2 ice beasts (D:8)
  2 sky beasts
  A phantom (D:7)
  A black bear (D:9)
  2 orc warriors
  3 centaurs
  2 ogres
  A giant frog (D:6)
  A manticore skeleton (D:14)
  Blork the orc (D:5)
  3 scorpions
  4 wights (D:8)
  3 crimson imps
  A giant frog zombie (D:12)
  7 hounds
  A quasit (D:14)
  2 centaur skeletons (D:9)
  Crazy Yiuf (D:5)
  4 orc priests
  3 jellies
  5 orc wizards
  2 iguanas
  A basilisk skeleton (D:9)
  6 worker ants
  A killer bee zombie (D:6)
  A sky beast zombie (D:8)
  A mottled dragon skeleton (D:12)
  10 mummies
  3 gnolls (D:6)
  8 adders
  A scorpion zombie (D:8)
  2 giant mites
  7 shadow imps
  2 worms
  An adder zombie (D:8)
  An orc skeleton (D:7)
  5 giant geckos
  An ooze (D:7)
  24 orcs
  3 ball pythons
  A bat skeleton (D:4)
  A bat zombie (D:7)
  A giant cockroach (D:6)
  2 gnoll zombies (Ossuary)
  11 goblins
  18 hobgoblins
  7 jackals
  13 kobolds
  6 quokkas
  14 bats
  A giant spore (D:7)
  2 hobgoblin zombies (Ossuary)
  2 kobold zombies (Ossuary)
  3 orc zombies
  13 rats
  4 ballistomycetes (D:7)
248 creatures vanquished.

Vanquished Creatures (others)
  An ogre (D:14)
1 creature vanquished.

Grand Total: 249 creatures vanquished

Notes
Turn   | Place    | Note
--------------------------------------------------------------
     0 | D:1      | Johnny, the Human Berserker, began the quest for the Orb.
     0 | D:1      | Reached XP level 1. HP: 18/18 MP: 1/1
   191 | D:1      | Reached XP level 2. HP: 14/24 MP: 2/2
   879 | D:1      | Acquired Trog's second power
   879 | D:1      | Reached XP level 3. HP: 29/29 MP: 3/3
  1735 | D:2      | Reached skill level 1 in Throwing
  1735 | D:2      | Reached XP level 4. HP: 35/35 MP: 4/4
  2272 | D:3      | Found a white marble altar of Elyvilon.
  2345 | D:3      | Found a shadowy altar of Dithmenos.
  2371 | D:3      | Reached XP level 5. HP: 35/41 MP: 5/5
  3015 | D:3      | Reached XP level 6. HP: 14/47 MP: 6/6
  3478 | D:3      | Found a glowing golden altar of the Shining One.
  4284 | D:4      | Found a sand-covered staircase.
  4296 | Ossuary  | Entered an ossuary
  4355 | Ossuary  | Reached skill level 4 in Axes
  4356 | Ossuary  | Reached XP level 7. HP: 30/53 MP: 7/7
  5065 | D:5      | Entered Level 5 of the Dungeon
  5580 | D:5      | Reached XP level 8. HP: 44/60 MP: 8/8
  5986 | D:5      | Reached skill level 5 in Armour
  6154 | D:5      | Noticed Blork the orc
  6167 | D:5      | Killed Blork the orc
  6167 | D:5      | Reached skill level 5 in Axes
  6204 | D:5      | Noticed Crazy Yiuf
  6212 | D:5      | Killed Crazy Yiuf
  6596 | D:5      | Reached skill level 5 in Dodging
  6881 | D:6      | Noticed Eustachio
  6897 | D:6      | Found a glowing silver altar of Zin.
  6903 | D:6      | Acquired Trog's third power
  7131 | D:6      | Found a blossoming altar of Fedhas.
  7223 | D:6      | Reached skill level 5 in Fighting
  7480 | D:6      | Reached XP level 9. HP: 65/68 MP: 9/9
  8180 | D:7      | Reached skill level 6 in Armour
  9505 | D:8      | Reached skill level 7 in Armour
  9763 | D:8      | Reached XP level 10. HP: 77/77 MP: 11/11
 10085 | D:8      | Reached skill level 1 in Stealth
 10562 | D:9      | Noticed a troll
 10604 | D:9      | Killed a troll
 10604 | D:9      | Reached skill level 1 in Polearms
 10715 | D:9      | Reached skill level 8 in Armour
 11053 | D:9      | Found a glowing golden altar of the Shining One.
 11147 | D:9      | Noticed a gargoyle
 11161 | D:9      | Killed a gargoyle
 11293 | D:9      | Found a shimmering altar of Xom.
 11766 | D:9      | You fall through a shaft for 3 floors!
 11801 | D:12     | Reached skill level 1 in Evocations
 11946 | D:12     | Noticed a manticore
 12343 | D:12     | Reached XP level 11. HP: 86/86 MP: 13/13
 12420 | D:13     | Noticed a tengu warrior
 12421 | D:13     | Noticed Harold
 12436 | D:14     | Found a blossoming altar of Fedhas.
 12471 | D:14     | Noticed a cyclops
 12491 | D:14     | HP: 1/86 [cyclops (21)]
 12492 | D:14     | Killed a cyclops
 12492 | D:14     | Reached skill level 9 in Armour
 12703 | D:14     | Noticed a hill giant
 12713 | D:14     | Killed a hill giant
 12713 | D:14     | Reached skill level 5 in Polearms
 12957 | D:14     | Noticed an eight-headed hydra
 13118 | D:14     | Noticed a six-headed hydra
 13178 | D:14     | Slain by a ten-headed hydra

Action                   |  1- 3 |  4- 6 |  7- 9 | 10-12 || total
-------------------------+-------+-------+-------+-------++-------
Melee: Hand axe          |    81 |   135 |       |       ||   216
       War axe           |       |    71 |   487 |    16 ||   574
       Halberd           |       |       |       |   266 ||   266
       Spear             |       |       |       |     2 ||     2
Throw: Tomahawk          |    37 |    47 |    28 |     1 ||   113
Invok: Trog's Hand       |     1 |     5 |     8 |     5 ||    19
       Berserk           |       |     4 |    13 |    11 ||    28
       Burn Spellbooks   |       |       |     2 |     1 ||     3
       Brothers in Arms  |       |       |       |     1 ||     1
Evoke: Wand              |       |       |     3 |    13 ||    16
  Use: Potion            |     1 |     5 |       |     3 ||     9
       Scroll            |       |     5 |    13 |     8 ||    26
 Stab: Sleeping          |     1 |       |       |       ||     1
  Eat: Chunk             |     1 |     3 |    16 |     6 ||    26
       Meat ration       |       |     1 |     1 |     1 ||     3
       Bread ration      |       |     2 |     2 |     2 ||     6
       Fruit             |       |       |     3 |     2 ||     5
       Pizza             |       |       |     2 |     1 ||     3
       Royal jelly       |       |       |       |     2 ||     2
       Beef jerky        |       |       |       |     1 ||     1
